 Dungeon Crawl Stone Soup version 0.23.2-33-g5129a83184 (webtiles) character file.

Game seed: 2402281776504109115

28227 havocjr2 the Carver (level 13, -4/106 HPs)
             Began as a Formicid Abyssal Knight on June 22, 2019.
             Was an Elder of Lugonu.
             Slain by an ice devil (20 damage)
             ... summoned by an orc high priest
             ... on level 2 of the Orcish Mines on July 10, 2019.
             The game lasted 02:39:59 (22447 turns).

havocjr2 the Carver (Formicid Abyssal Knight)      Turns: 22447, Time: 02:40:04

Health: -4/106     AC: 23    Str: 23    XL:     13   Next: 71%
Magic:  10/16      EV: 10    Int: 13    God:    Lugonu [****..]
Gold:   69         SH: 11    Dex: 14    Spells: 12/12 levels left

rFire    . . .     SeeInvis +   S - +3 long sword
rCold    . . .     Gourm    .   o - +0 shield
rNeg     . . .     Faith    .   t - +7 plate armour of Gism {*Slow +Blink Str+4 Dex+2}
rPois    .         Spirit   .   (helmet unavailable)
rElec    +         Reflect  .   (no cloak)
rCorr    .         Harm     .   V - +0 pair of gloves "Mabrydur" {rElec}
MR       ++...                  (no boots)
Stlth    ..........             w - amulet of regeneration
HPRegen  0.67/turn              h - ring of protection from magic
MPRegen  0.15/turn              v - +3 ring of evasion

@: no status effects
A: permanent stasis, dig shafts and tunnels, four strong arms, antennae 3
a: Dig, Shaft Self, Depart the Abyss, Bend Space, Banish, Corrupt, Renounce
Religion


You were on level 2 of the Orcish Mines.
You worshipped Lugonu.
Lugonu was greatly pleased with you.
You were not hungry.

You visited 4 branches of the dungeon, and saw 17 of its levels.
You visited the Abyss 2 times.
You also visited: Ice Cave.

You collected 1487 gold pieces.
You spent 1418 gold pieces at shops.

Inventory:

Hand Weapons
 b - a +0 whip of venom
 p - a +1 falchion of protection
 H - a +0 blowgun
 S - a +3 long sword (weapon)
 T - a +2 whip of flaming
Missiles
 d - 455 stones
 B - 10 silver tomahawks
 I - 4 curare-tipped needles
 U - 27 tomahawks (quivered)
Armour
 a - a +0 plate armour
 g - a +2 chain mail
 o - a +0 shield (worn)
 q - +0 steam dragon scales
 t - the +7 plate armour of Gism (worn) {*Slow +Blink Str+4 Dex+2}
   (You bought it in a shop on level 2 of the Orcish Mines)

   It affects your strength (+4).
   It affects your dexterity (+2).
   It lets you blink.
   It may slow you when you take damage.
 E - a +0 pair of gloves
 V - the +0 pair of gloves "Mabrydur" (worn) {rElec}
   (You bought it in a shop on level 2 of the Orcish Mines)

   It insulates you from electricity.
Jewellery
 f - an uncursed ring of ice
 h - a ring of protection from magic (left hand)
 j - an uncursed amulet of guardian spirit
 v - a +3 ring of evasion (right hand)
 w - an amulet of regeneration (around neck)
 F - an uncursed ring of resist corrosion
 N - an uncursed ring of fire
Wands
 y - a wand of clouds (3)
 z - a wand of disintegration (5)
 G - a wand of paralysis (10)
 K - a wand of random effects (19)
 L - a wand of iceblast (10)
 O - a wand of flame (6)
 P - a wand of polymorph (10)
Scrolls
 i - 2 scrolls of holy word
 k - 2 scrolls of amnesia
 l - 8 scrolls of remove curse
 m - a scroll of immolation
 n - a scroll of fog
 D - a scroll of magic mapping
 J - a scroll of fear
Potions
 e - 3 potions of brilliance
 r - a potion of flight
 s - 4 potions of agility
 x - a potion of magic
 A - 2 potions of cancellation
 M - a potion of invisibility {unknown}
Comestibles
 c - 18 rations


   Skills:
 + Level 11.3 Fighting
 * Level 13.8 Long Blades
 - Level 5.0 Throwing
 + Level 11.0 Armour
 + Level 1.2 Dodging
 + Level 1.0 Stealth
 + Level 8.2 Shields
 - Level 5.2 Invocations
 + Level 4.0 Evocations


You had 12 spell levels left.
You didn't know any spells.
Your spell library contained the following spells:

 Spells                   Type           Power        Failure   Level  Hunger
 Corona                   Hex            #......      99%         1    ##.....
 Flame Tongue             Conj/Fire      #....        99%         1    ##.....
 Shock                    Conj/Air       #...         99%         1    ##.....
 Ensorcelled Hibernation  Hex/Ice        #.....       99%         2    ###....
 Swiftness                Chrm/Air       #.......     99%         2    ###....
 Throw Flame              Conj/Fire      #.....       99%         2    ###....
 Confuse                  Hex            #.......     100%        3    ####...
 Conjure Flame            Conj/Fire      #.......     100%        3    ####...
 Dazzling Spray           Conj/Hex       #.....       100%        3    ####...
 Inner Flame              Hex/Fire       #.......     100%        3    ####...
 Static Discharge         Conj/Air       #.......     100%        3    ####...
 Tukima's Dance           Hex            #.......     100%        3    ####...
 Airstrike                Air            #.........   100%        4    #####..
 Sticky Flame             Conj/Fire      #.......     100%        4    #####..
 Fireball                 Conj/Fire      #.........   100%        5    ######.
 Lightning Bolt           Conj/Air       #.........   100%        5    ######.


Dungeon Overview and Level Annotations

Branches:
Dungeon (12/15)            Temple (1/1) D:4            Lair (2/6) D:8
 Spider (0/4) Lair:2          Orc (2/2) D:9             Elf (0/3) Orc:2
  Swamp: Lair:2-4    Shoals: Lair:2-4

Altars:
Ashenzari
Cheibriados
Dithmenos
Elyvilon
Fedhas
Gozag
Hepliaklqana
Kikubaaqudgha
Makhleb
Nemelex Xobeh
Okawaru
Qazlal
Ru
Sif Muna
Trog
Uskayaw
Vehumet
Wu Jian
Xom
Yredelemnul
Zin
The Shining One

Shops:
D:10 !   D:11 }   Orc:2 *[(:


Innate Abilities, Weirdness & Mutations

You cannot be hasted, slowed, berserked, paralysed or teleported.
You can dig through walls and to a lower floor.
Your four strong arms can wield two-handed weapons with a shield.
You have a pair of large antennae on your head. (SInv)


Message History

The small abomination misses you.
You riposte.
You closely miss the small abomination.
The small abomination is moderately damaged.
You slash the small abomination!
The small abomination is severely damaged.
The small abomination hits you but does no damage.
You slash the small abomination!
You destroy the small abomination!
Something shouts, "Get thee gone, thou dissembling sheep-biting snake-molt!"
U - 27 tomahawks (gained 1)
There is a gateway leading out of the Abyss here.
You hear a chilling moan.
You pass through the gate.
Welcome back to the Orcish Mines!
Beware, you cannot shaft yourself on this level.
The sentinel's mark upon you fades away.
You block the orc warrior's attack. The ice devil hits you.
* * * LOW HITPOINT WARNING * * *
The ice devil freezes you!!
You die...

,,,,,,,,*.#.................##.##
,,,,,,*,,...#....#).......#######
,,,,,,,*,.(...........##### *.
,,,,,,,*,..(#....##..## *#.
,,,,,,,,.#.......##### *,,
,,,,,,,...#.....[.## **,
,,,,,,.............## **
,,,,,..........oo...#
,,,,..........o4@...#
,,*,.(......o.oooo..# ****
,,,,o...............##*,,**
,,,,.........o.......#,,,,*
,*,,................#....#*
,,,,................#..###
,,,,(...........o.......#*
,,,,(.((...(.....#.......#
*,,*.(.....##.#.###.#.#.##


You could see an orc warlord, an orc knight, an orc high priest, an ice devil, 2
orc warriors, 2 orc priests, an orc wizard and 2 orcs.

Vanquished Creatures
  4 two-headed ogres
  Urug (Orc:1)
  2 orc high priests
  Sonja (Lair:1)
  Nergalle (Lair:1)
  2 orc knights
  An ugly thing (IceCv)
  2 cyclopes (D:11)
  5 orc sorcerers
  An elephant (D:7)
  A deep elf mage (D:11)
  A black mamba (Lair:2)
  7 spiny frogs
  2 komodo dragons (Lair:2)
  2 trolls
  8 blink frogs
  Grinder (D:3)
  2 slime creatures (D:11)
  2 hippogriffs
  A spriggan (D:8)
  4 yaks
  A wraith (D:6)
  A basilisk (D:8)
  A steam dragon (Lair:2)
  4 wargs
  3 water moccasins
  A small abomination (Abyss:1)
  2 porcupines
  11 ice beasts
  Duvessa (D:5)
  A swamp drake (D:9)
  A black bear (D:10)
  28 orc warriors
  2 sky beasts
  2 phantoms
  A necrophage (D:11)
  10 ogres
  5 centaurs
  5 crocodiles
  5 big kobolds
  9 bullfrogs
  2 water moccasin zombies
  A gnoll sergeant (Orc:1)
  Dowan (D:5)
  A wyvern zombie (D:10)
  3 scorpions
  11 killer bees
  2 howler monkeys (D:10)
  6 crimson imps
  A bullfrog zombie (D:11)
  A bullfrog skeleton (D:8)
  8 hounds
  3 jellies
  18 orc wizards
  15 orc priests
  2 gnoll shamans
  Natasha (thrice) (D:4)
  3 iguanas
  7 worker ants
  A hound skeleton (D:9)
  Robin (D:3)
  13 gnolls
  3 adders
  2 howler monkey skeletons
  6 shadow imps
  An ooze (D:3)
  An adder zombie (D:5)
  3 worms
  2 dart slugs
  9 leopard geckos
  64 orcs
  12 bats
  4 giant cockroaches
  10 goblins
  5 hobgoblins
  7 jackals
  24 kobolds
  7 frilled lizards
  3 rats (D:1)
  A fungus (Orc:2)
412 creatures vanquished.

Vanquished Creatures (others)
  An orc knight (D:9)
  A soldier ant (D:11)
  2 orc wizards
  An orc (D:10)
  6 fungi (Orc:2)
11 creatures vanquished.

Grand Total: 423 creatures vanquished

Notes
Turn   | Place    | Note
-------+----------+-------------------------------------------
     0 | Abyss:1  | havocjr2 the Formicid Abyssal Knight began the quest for
                  | the Orb.
     0 | Abyss:1  | Reached XP level 1. HP: 18/18 MP: 2/2
    72 | Abyss:1  | Found a corrupted altar of Lugonu.
   145 | Abyss:1  | Noticed a large abomination
   181 | Abyss:1  | Noticed a cyan very ugly thing
   184 | Abyss:1  | Noticed a large abomination
   184 | Abyss:1  | Noticed an apocalypse crab
   186 | Abyss:1  | Noticed a ynoxinul
   187 | Abyss:1  | Found a corrupted altar of Lugonu.
   192 | D:1      | Escaped the Abyss
   310 | D:1      | Reached XP level 2. HP: 23/24 MP: 3/3
   648 | D:1      | Reached XP level 3. HP: 29/29 MP: 4/4
  1109 | D:2      | Reached ** piety under Lugonu
  1325 | D:2      | Reached skill level 3 in Long Blades
  1570 | D:3      | Found an ornate altar of the Wu Jian Council.
  1612 | D:3      | Reached XP level 4. HP: 36/37 MP: 5/5
  1685 | D:3      | Found an opulent altar of Gozag.
  1787 | D:3      | Noticed Grinder
  1814 | D:3      | Killed Grinder
  1814 | D:3      | Reached skill level 4 in Long Blades
  1814 | D:3      | Reached XP level 5. HP: 35/43 MP: 2/6
  1814 | D:3      | Reached XP level 6. HP: 40/49 MP: 2/7
  1831 | D:3      | Noticed Robin
  1853 | D:3      | Killed Robin
  1915 | D:3      | Found a sparkling altar of Nemelex Xobeh.
  2071 | D:3      | Found a burning altar of Makhleb.
  2373 | D:4      | Found a stormy altar of Qazlal.
  2702 | D:4      | Noticed a phantom
  2804 | D:4      | Killed a phantom
  2804 | D:4      | Reached skill level 5 in Fighting
  2804 | D:4      | Reached skill level 5 in Long Blades
  2804 | D:4      | Reached XP level 7. HP: 36/56 MP: 8/8
  2930 | D:4      | Found a staircase to the Ecumenical Temple.
  3404 | D:4      | Noticed Natasha
  3462 | D:4      | Killed Natasha
  3481 | D:4      | Noticed Natasha
  3494 | D:4      | Killed Natasha
  3506 | D:4      | Noticed Natasha
  3516 | D:4      | Killed Natasha
  3873 | Temple   | Entered the Ecumenical Temple
  4075 | D:5      | Entered Level 5 of the Dungeon
  4083 | D:5      | Noticed Duvessa
  4083 | D:5      | Noticed Dowan
  4216 | D:5      | Reached skill level 6 in Long Blades
  4297 | D:5      | Reached XP level 8. HP: 50/63 MP: 7/9
  4426 | D:5      | Reached skill level 5 in Armour
  4461 | D:5      | Reached *** piety under Lugonu
  4922 | D:5      | Killed Duvessa
  4937 | D:5      | Killed Dowan
  5501 | D:5      | Reached skill level 7 in Long Blades
  6423 | D:6      | Noticed a wraith
  6468 | D:6      | HP: 2/64 [wraith (8)]
  6469 | D:6      | Killed a wraith
  6473 | D:6      | Found an ancient bone altar of Kikubaaqudgha.
  6473 | D:6      | Found a hazy altar of Hepliaklqana.
  6578 | D:6      | Found a sacrificial altar of Ru.
  6687 | D:6      | Noticed a two-headed ogre
  7433 | D:7      | Reached XP level 9. HP: 67/71 MP: 10/10
  7610 | D:7      | Found a deep blue altar of Sif Muna.
  7655 | D:7      | Reached skill level 8 in Long Blades
  8226 | D:7      | Found a blossoming altar of Fedhas.
  8844 | D:8      | Noticed a hippogriff
  8854 | D:8      | Found a shimmering altar of Xom.
  8889 | D:8      | Killed a hippogriff
  8889 | D:8      | Reached skill level 9 in Long Blades
  9336 | D:7      | Reached XP level 10. HP: 47/80 MP: 5/11
 10057 | D:8      | Reached **** piety under Lugonu
 10234 | D:8      | Noticed an elephant
 10283 | D:7      | Killed an elephant
 10283 | D:7      | Reached skill level 10 in Long Blades
 10713 | D:8      | Found a staircase to the Lair.
 11377 | D:9      | Upgraded the game from 0.23.2-30-g0e89c35649 to
                  | 0.23.2-33-g5129a83184
 11951 | D:9      | Reached skill level 1 in Shields
 12423 | D:9      | Found a staircase to the Orcish Mines.
 12700 | D:10     | Entered Level 10 of the Dungeon
 12827 | D:10     | Reached skill level 11 in Long Blades
 12827 | D:10     | Reached skill level 1 in Dodging
 12890 | D:10     | Reached XP level 11. HP: 65/89 MP: 12/12
 13131 | D:10     | Reached skill level 1 in Throwing
 13177 | D:10     | Noticed a two-headed ogre
 13189 | D:10     | Noticed a two-headed ogre
 13192 | D:10     | Noticed a two-headed ogre
 13195 | D:10     | Reached ***** piety under Lugonu
 13200 | D:10     | Killed a two-headed ogre
 13375 | D:9      | Killed a two-headed ogre
 13459 | D:10     | Found Taaw's Distillery.
 13668 | D:10     | Killed a two-headed ogre
 14090 | D:11     | Noticed a two-headed ogre
 14119 | D:11     | Killed a two-headed ogre
 14299 | D:11     | Noticed a cyclops
 14381 | D:11     | Found Facoiqom's Gadget Shoppe.
 14392 | D:11     | Bought a wand of disintegration (19) for 368 gold pieces
 14574 | D:11     | Noticed a deep elf mage
 14590 | D:11     | Noticed a cyclops
 14602 | D:11     | Killed a deep elf mage
 15091 | Lair:1   | Entered Level 1 of the Lair of Beasts
 15235 | Lair:1   | Noticed Nergalle
 15254 | Lair:1   | Killed Nergalle
 15297 | Lair:1   | Reached skill level 12 in Long Blades
 15297 | Lair:1   | Reached skill level 5 in Shields
 15361 | Lair:1   | Noticed Sonja
 15364 | Lair:1   | Killed Sonja
 15364 | Lair:1   | Reached skill level 5 in Invocations
 15365 | Lair:1   | Reached XP level 12. HP: 89/97 MP: 15/15
 15398 | Lair:1   | Reached skill level 10 in Fighting
 15843 | Lair:2   | Found a frozen archway.
 15854 | IceCv    | Entered an ice cave
 16243 | Lair:2   | Reached skill level 10 in Armour
 16549 | Lair:2   | Found a hole to the Spider Nest.
 17529 | Lair:1   | Reached skill level 1 in Evocations
 17675 | Lair:2   | Reached skill level 13 in Long Blades
 17784 | Lair:2   | Noticed a four-headed hydra
 17904 | Orc:1    | Entered Level 1 of the Orcish Mines
 17945 | Orc:1    | Noticed a sixfirhy
 18821 | D:11     | Reached XP level 13. HP: 25/104 MP: 16/16
 20278 | Orc:1    | Noticed Urug
 20286 | Orc:1    | Killed Urug
 20601 | Orc:2    | Entered Level 2 of the Orcish Mines
 21229 | Orc:2    | Found Jonaewky's Antique Armour Boutique.
 21252 | Orc:2    | Bought a translucent plate armour for 784 gold pieces
 21262 | Orc:2    | Identified the +7 plate armour of Gism {*Slow +Blink Str+4
                  | Dex+2} (You bought it in a shop on level 2 of the Orcish
                  | Mines)
 21699 | Orc:2    | Found Worch's Book Shop.
 21922 | Orc:2    | Reached skill level 5 in Throwing
 22021 | Orc:2    | Found Xoahek's Antique Weapon Emporium.
 22117 | Orc:2    | Found a staircase to the Elven Halls.
 22251 | Orc:2    | Bought a pair of ichor-stained gloves for 266 gold pieces
 22261 | Orc:2    | Identified the +0 pair of gloves "Mabrydur" {rElec} (You
                  | bought it in a shop on level 2 of the Orcish Mines)
 22301 | Orc:2    | Found Vykhlaugo's General Store.
 22314 | Orc:2    | Reached skill level 1 in Stealth
 22392 | Orc:2    | Noticed an orc warlord
 22417 | Orc:2    | HP: 1/106 [orc warlord/+0 great mace (34)]
 22446 | Abyss:1  | Noticed a crystal guardian
 22447 | Orc:2    | Escaped the Abyss
 22447 | Orc:2    | Slain by an ice devil

Skill      XL: |  1  2  3  4  5  6  7  8  9 10 11 12 13 |
---------------+----------------------------------------+-----
Long Blades    | 3 4 5 6 7 9 11 12 13 | 13.8
Fighting       | 4 5 6 7 9 10 11 | 11.3
Armour         | 3 4 6 7 8 9 10 11 | 11.0
Shields        | 2 5 7 8 |  8.2
Dodging        | 1 |  1.2
Throwing       | 3 5 |  5.0
Invocations    | 5 |  5.2
Evocations     | 1 4 |  4.0
Stealth        | 1 |  1.0

Action                   |  1- 3 |  4- 6 |  7- 9 | 10-12 | 13-15 || total
-------------------------+-------+-------+-------+-------+-------++-------
Melee: Falchion          |   115 |   118 |   639 |  1424 |   756 ||  3052
       Long sword        |       |       |       |       |    13 ||    13
 Fire: Blowgun           |       |       |       |     4 |       ||     4
Throw: Stone             |       |    54 |    53 |   101 |    20 ||   228
       Tomahawk          |       |       |    22 |   204 |    85 ||   311
       Javelin           |       |       |       |       |    35 ||    35
Invok: Bend Space        |       |       |     1 |     3 |     3 ||     7
       Banish            |       |       |       |       |     3 ||     3
       Enter the Abyss   |       |       |       |       |     1 ||     1
Evoke: Wand              |       |       |     7 |     9 |    12 ||    28
  Use: Scroll            |     6 |     2 |     7 |     8 |     5 ||    28
       Potion            |       |     2 |     5 |     5 |     2 ||    14
 Stab: Confused          |       |       |       |     5 |       ||     5
  Eat: Chunk             |     2 |     3 |    16 |    27 |    13 ||    61
       Ration            |       |       |     2 |     1 |     1 ||     4
Armor: Leather armour    |     5 |       |       |       |       ||     5
       Chain mail        |    75 |    91 |   373 |   565 |   126 ||  1230
       Skin              |       |       |    21 |       |       ||    21
       Plate armour      |       |       |       |       |   100 ||   100
Dodge: Dodged            |    68 |    46 |   210 |   432 |   192 ||   948
Block: Shield            |       |       |       |   475 |   323 ||   798
       Rpst.: Falchion   |    22 |    16 |    60 |   142 |    53 ||   293
       Long sword        |       |       |       |       |     2 ||     2
